 Dungeon Crawl Stone Soup version 0.31-a0-986-g5e6e4ef867 (webtiles) character file.

Game seed: 17926909899288566544

4872 grandjackal the Fighter (level 10, -13/90 HPs)
             Began as a Yellow Draconian Gladiator on Nov 17, 2023.
             Was an Initiate of Gozag.
             Shot with an arrow by a centaur warrior (23 damage)
             ... on level 8 of the Dungeon.
             The game lasted 00:17:18 (8310 turns).

grandjackal the Fighter (DrGl)                      Turns: 8310, Time: 00:17:21

Health: -13/90     AC: 13    Str: 17    XL:     10   Next: 26%
Magic:  5/10       EV: 16    Int:  8    God:    Gozag
Gold:   948        SH:  0    Dex: 17    Spells: 9/9 levels left

rFire   . . .        H - +6 long sword
rCold   . . .        (no shield)
rNeg    . . .        (body armour unavailable)
rPois   +            b - +0 hat
rElec   .            (no cloak)
rCorr   +            G - +1 pair of gloves {infuse}
SInv    .            (no boots)
Will    .....        C - amulet of regeneration
Stlth   ++           B - +4 ring of slaying
HPRegen 1.15/turn    E - +4 ring of protection
MPRegen 0.12/turn

%: infuse magic (1 MP)
@: short of breath, gold aura, slowed, very slow
A: spit acid, AC +7, unfitting armour, cold-blooded, acid resistance, stinger 1,
poison resistance
a: Breathe Acid, Renounce Religion, Potion Petition, Call Merchant, Bribe Branch


You were on level 8 of the Dungeon.
You worshipped Gozag.
Gozag was pleased with you.
You visited 2 branches of the dungeon, and saw 9 of its levels.
You also visited: Sewer and Bailey.

You collected 1040 gold pieces.
You paid 92 gold pieces to Gozag.

Inventory:

Hand Weapons
 a - a +0 long sword
 t - a +0 dagger of electrocution
 u - a +2 dagger of freezing
 x - a +1 dagger of draining
 H - a +6 long sword (weapon)
Missiles
 c - 2 throwing nets (quivered)
 d - a javelin
 l - 18 poisoned darts
 v - 8 curare-tipped darts
Armour
 b - a +0 hat (worn)
 g - a +0 pair of gloves
 G - a +1 pair of gloves of infusion (worn)
Jewellery
 n - an amulet of reflection
 B - a +4 ring of slaying (left hand)
 C - an amulet of regeneration (around neck)
 E - a +4 ring of protection (right hand)
Wands
 j - a wand of iceblast (8)
 s - a wand of flame (3)
 y - a wand of charming (7)
 D - a wand of mindburst (8)
Scrolls
 e - a scroll of enchant weapon {unknown}
 f - 2 scrolls of amnesia {unknown}
 h - 3 scrolls of immolation {unknown}
 m - a scroll of fog {unknown}
 r - a scroll of teleportation {unknown}
 w - a scroll of blinking
 z - a scroll of enchant armour
 F - a scroll of fear {unknown}
Potions
 k - 5 potions of curing
 o - a potion of mutation
 p - 3 potions of haste
 q - a potion of resistance
 A - 6 potions of enlightenment


   Skills:
 + Level 8.8 Fighting
 + Level 8.3 Long Blades
 - Level 2.0 Throwing
 + Level 7.6 Dodging
 + Level 7.0 Evocations


You had 9 spell levels left.
You didn't know any spells.
Your spell library contained the following spells:

 Spells                   Type           Power      Damage    Failure   Level
 Freeze                   Ice            0%         1d3       41%         1
 Shock                    Conj/Air       0%         1d3       41%         1
 Slow                     Hex            0%         N/A       41%         1
 Sting                    Tmut/Pois      0%         1d3       41%         1
 Lesser Beckoning         Tloc           0%         N/A       54%         2
 Poisonous Vapours        Pois/Air       0%         N/A       54%         2
 Confusing Touch          Hex            0%         N/A       78%         3
 Frozen Ramparts          Ice            0%         1d1       78%         3
 Gell's Gravitas          Tloc           0%         N/A       78%         3
 Hailstorm                Conj/Ice       0%         3d3       78%         3
 Sigil of Binding         Hex            0%         N/A       78%         3
 Swiftness                Air            0%         N/A       78%         3
 Teleport Other           Tloc           0%         N/A       78%         3
 Tukima's Dance           Hex            0%         N/A       78%         3
 Vampiric Draining        Necr           0%         2d6       78%         3
 Airstrike                Air            0%         2d(0-16)  99%         4
 Dimensional Bullseye     Hex/Tloc       0%         N/A       99%         4
 Iskenderun's Mystic Bla  Conj/Tloc      0%         2d3       99%         4
 Olgreb's Toxic Radiance  Pois           0%         N/A       99%         4


Dungeon Overview and Level Annotations

Branches:
Dungeon (8/15)             Temple (1/1) D:6           Sewer (visited)
 Bailey (visited)
   Lair: D:8-11

Altars:
Ashenzari
Cheibriados
Dithmenos
Fedhas
Gozag
Hepliaklqana
Kikubaaqudgha
Makhleb
Nemelex Xobeh
Okawaru
Qazlal
Sif Muna
Trog
Uskayaw
Vehumet
Wu Jian
Xom
Yredelemnul
Zin
The Shining One

Shops:
D:2 [

Annotations:
D:8 1 runed translucent door


Innate Abilities, Weirdness & Mutations

You can spit globs of acid.
Your golden yellow scales are hard. (AC +7)
You cannot fit into any form of body armour.
You are cold-blooded and may be slowed by cold attacks.
You are resistant to acid. (rCorr)
Your tail ends in a venomous barb.
Your system is resistant to poisons. (rPois)


Message History

Gastronok gurgles, "A snack!
A snack!"
You hit Gastronok.
Gastronok is heavily wounded.
Gastronok bubbles merrily.
You slash Gastronok!
Gastronok is heavily wounded.
Press: ? - help, Shift-Dir - straight line, f/p - Gastronok
Aim: Gastronok, wearing a +1 hat (heavily wounded, 100% to hit)
You spit a glob of acid.
The glob of acid hits Gastronok!!
The acid corrodes Gastronok!
The acid splashes onto the centaur warrior!
The centaur warrior is splashed with acid.
The acid corrodes the centaur warrior!
Gastronok is severely wounded.
Gastronok bites you!!
* * * LOW HITPOINT WARNING * * *
You slash Gastronok!
Gastronok is almost dead.
Gastronok casts a spell at you.
You feel as though you will be slow longer.
You slash Gastronok! You tail-slap Gastronok.
Gastronok is poisoned.
Gastronok is almost dead.
Gastronok waves his eye-stalks in wide circles.
The air twists around and strikes you!
* * * LOW HITPOINT WARNING * * *
An efreet comes into view.
It is wielding a +1 scimitar of flaming.
You feel better. Gastronok misses you.
You hit Gastronok.
Gastronok is almost dead.
The centaur warrior is no longer covered in acid.
You completely miss Gastronok.
Gastronok is almost dead.
Gastronok closely misses you.
You slice Gastronok!!
You kill Gastronok!
The centaur warrior shoots an arrow.
The arrow hits you!
* * * LOW HITPOINT WARNING * * *
The centaur warrior shoots an arrow.
The arrow hits you!!
You die...
Your body crumbles into a pile of gold.

..#.####...##.###
#.#.######......)
#.#.##...###...#.
#.#.##[##.####...
#.#.#...#.#...##.
#...#...#..###... #
#...##'#####...#.
#°#######...#..###....##.
#..°°Rc$@.#..### ..##>...
##...######### # #...#
#.#.#..# ###. #..# #.# #.
### #.. #. #.# ##


You could see a centaur warrior and an efreet.

Vanquished Creatures
  Gastronok (D:8)
  A tengu conjurer (D:8)
  Sigmund (D:3)
  A vampire mosquito (D:8)
  A steam dragon (D:5)
  4 water moccasins
  10 orc warriors
  A sky beast (D:7)
  An ice beast (D:7)
  A black bear (D:6)
  2 centaurs
  A phantom (D:5)
  5 kobold brigands
  2 bullfrogs
  3 scorpions
  A howler monkey (D:7)
  7 electric eels (D:7)
  5 orc priests
  8 hounds
  3 iguanas
  2 jellies
  2 gnoll boudas (D:4)
  A sleepcap (D:6)
  7 orc wizards
  Robin (D:3)
  25 gnolls
  8 adders
  2 river rats (Sewer)
  2 shadow imps
  3 white imps
  2 ufetubi (D:7)
  4 worms
  3 dart slugs
  57 orcs
  10 ball pythons
  4 endoplasms
  13 goblins
  12 hobgoblins
  25 jackals
  5 quokkas
  8 bats
  3 frilled lizards (D:1)
  11 kobolds
  5 rats
274 creatures vanquished.

Vanquished Creatures (others)
  An arcanist (D:3)
  4 kobolds (D:7)
5 creatures vanquished.

Grand Total: 279 creatures vanquished

Notes
Turn   | Place    | Note
-------+----------+-------------------------------------------
     0 | D:1      | grandjackal the Draconian Gladiator began the quest for the
                  | Orb.
     0 | D:1      | Reached XP level 1. HP: 17/17 MP: 1/1
   143 | D:1      | Reached XP level 2. HP: 25/25 MP: 2/2
   876 | D:2      | Reached XP level 3. HP: 28/30 MP: 3/3
  1273 | D:2      | Found Loamull's Antique Armour Shop.
  1543 | D:2      | Found a broken altar of Ashenzari.
  1670 | D:2      | Reached XP level 4. HP: 15/38 MP: 4/4
  1967 | D:3      | Reached XP level 5. HP: 35/46 MP: 5/5
  2185 | D:3      | Noticed Robin
  2196 | D:3      | Killed Robin
  2526 | D:3      | Noticed a centaur
  2536 | D:3      | Killed a centaur
  2537 | D:3      | Reached XP level 6. HP: 22/53 MP: 6/6
  2685 | D:3      | Reached skill level 1 in Evocations
  2774 | D:3      | Found a bloodstained altar of Trog.
  2776 | D:3      | Noticed an arcanist
  2781 | D:3      | Killed an arcanist
  2803 | D:3      | Noticed Sigmund
  2813 | D:3      | Killed Sigmund
  2886 | D:3      | Reached skill level 5 in Long Blades
  2886 | D:3      | Your scales start taking on a golden yellow colour.
  2886 | D:3      | Reached XP level 7. HP: 55/60 MP: 7/7
  2886 | D:3      | Gained mutation: You are resistant to acid. (rCorr) [Yellow
                  | Draconian growth]
  3223 | D:4      | Reached skill level 5 in Fighting
  3981 | D:4      | Reached skill level 5 in Dodging
  4328 | D:4      | Reached XP level 8. HP: 49/70 MP: 8/8
  4851 | D:5      | Entered Level 5 of the Dungeon
  5218 | D:5      | Found a glowing drain.
  5259 | Sewer    | Entered a sewer
  5392 | Sewer    | Found a white marble altar of Elyvilon.
  5744 | D:6      | Reached XP level 9. HP: 79/79 MP: 9/9
  5745 | D:6      | Found a basalt altar of Yredelemnul.
  5812 | D:6      | Reached skill level 5 in Evocations
  5957 | D:6      | Found a shimmering blue altar of Sif Muna.
  6142 | D:6      | Found a staircase to the Ecumenical Temple.
  6166 | Temple   | Entered the Ecumenical Temple
  6178 | Temple   | Became a worshipper of Gozag Ym Sagoz the Greedy
  7464 | D:8      | Found a flagged portal.
  7521 | Bailey   | Entered a bailey
  7582 | Bailey   | Reached XP level 10. HP: 64/90 MP: 10/10
  8058 | D:8      | Identified the +2 halberd of Riucib {speed, rElec Str+3}
  8168 | D:8      | Found a runed translucent door.
  8168 | D:8      | Found a runed translucent door.
  8274 | D:8      | Found a runed translucent door.
  8275 | D:8      | Noticed a centaur warrior
  8275 | D:8      | Noticed a cyclops
  8275 | D:8      | Noticed a four-headed hydra
  8275 | D:8      | Noticed a deep elf pyromancer
  8287 | D:8      | Noticed Gastronok
  8291 | D:8      | Noticed a centaur warrior
  8301 | D:8      | Gained mutation: Your tail ends in a venomous barb. [potion
                  | of mutation]
  8301 | D:8      | Gained mutation: Your system is resistant to poisons.
                  | (rPois) [potion of mutation]
  8310 | D:8      | Killed Gastronok
  8310 | D:8      | Shot with an arrow by a centaur warrior

Illustrated notes

Levels and vault maps discovered:
D:1:      kennysheep_arrival_seaside, layout_rooms, serial_park_tiny_2
D:2:      layout_basic, basic_altar, serial_shops, nicolae_shop_back_alley_shop
D:3:      layout_basic, trog_wizard, uniq_robin, uniq_sigmund
D:4:      lemuel_castle_with_subvaults [lemuel_castle_interior_carwin_3],
          layout_rooms
D:5:      layout_rooms, portal_sewer_entry_e
D:6:      layout_gridville, kennysheep_mini_moat, mainiacjoe_overflow_24_doors,
          minmay_temple_entry_butterflies, nicolae_eternal_life
D:7:      layout_basic, serial_bayou, serial_bayou_lake_a, serial_bayou_pond_b,
          serial_bayou_lagoon_a, serial_bayou_pond_a
D:8:      minmay_the_grid_four_pointed_star
          [minmay_the_grid_triangle_9x9_corruption,
          minmay_the_grid_triangle_9x9_subtriangle,
          minmay_the_grid_triangle_9x9_fully_insulated_deathbox,
          minmay_the_grid_triangle_9x9_tough_junction,
          minmay_the_grid_prize_shrinking_boxes], layout_basic,
          elyvilon_altar_3, erik_lair_orcish_takeover, enter_bailey_2,
          uniq_gastronok
Temple:   bh_familiar_temple

Skill      XL: |  1  2  3  4  5  6  7  8  9 10 |
---------------+-------------------------------+-----
Throwing       | 2 |  2.0
Dodging        | 3 4 5 6 7 |  7.6
Fighting       | 3 4 5 7 8 |  8.8
Long Blades    | 4 5 6 8 |  8.3
Evocations     | 2 3 4 6 7 |  7.0

Action                     |  1- 3 |  4- 6 |  7- 9 | 10-12 || total
---------------------------+-------+-------+-------+-------++-------
  Melee: Long sword        |   113 |   146 |     6 |    23 ||   288
         Tailslap          |     9 |    20 |   115 |    17 ||   161
         Punch             |     1 |       |    10 |     1 ||    12
         Dagger            |       |       |   709 |    80 ||   789
  Throw: Throwing net      |       |       |     2 |       ||     2
Ability: Breathe Acid      |       |       |     4 |     4 ||     8
  Evoke: Wand              |       |     4 |     7 |     5 ||    16
    Use: Potion            |       |       |     1 |     3 ||     4
         Scroll            |       |       |     7 |       ||     7
   Stab: Distracted        |       |     1 |     4 |       ||     5
         Sleeping          |       |       |     1 |       ||     1
 Armour: Skin              |    63 |    80 |   341 |    60 ||   544
  Dodge: Dodged            |    80 |   134 |   457 |    74 ||   745
  Block: Other             |    17 |    57 |   101 |       ||   175
         Reflection        |       |     2 |     1 |       ||     3

Table legend: (Time is in decaauts)
 A = Elapsed time spent in this place.
 B = Non-inter-level travel time spent in this place.
 C = Inter-level travel time spent in this place.
 D = Time resting spent in this place.
 E = Time spent auto-exploring this place.
 F = Levels seen in this place.
 G = Mean time per level.
                   A        B        C        D        E       F      G
               +--------+--------+--------+--------+--------+-----+--------+
         Total |   8326 |   8144 |    182 |   1114 |   4200 |  11 |  756.9 |
       Dungeon |   7518 |   7346 |    172 |   1031 |   3928 |   8 |  939.8 |
        Temple |     22 |     12 |     10 |      0 |      0 |   1 |   22.0 |
         Sewer |    267 |    267 |      0 |      0 |    131 |   1 |  267.0 |
        Bailey |    518 |    518 |      0 |     82 |    140 |   1 |  518.0 |
               +--------+--------+--------+--------+--------+-----+--------+

Top non-repeatable levels by time:
     D:3: 1542 daAuts
     D:4: 1424 daAuts
     D:2: 1241 daAuts
     D:7: 1151 daAuts
     D:1: 644 daAuts
     D:6: 617 daAuts
     D:5: 587 daAuts
  Bailey: 518 daAuts
     D:8: 309 daAuts
   Sewer: 267 daAuts
  Temple: 22 daAuts
